 Dungeon Crawl Stone Soup version 0.24.1-5-g77f818bfca (webtiles) character file.

Game seed: 12099150902506419252, levelgen mode: deterministic

116 Peloso the Skirmisher (level 4, -1/35 HPs)
             Began as a Demonspawn Fighter on Apr 25, 2020.
             Killed from afar by an orc wizard (6 damage)
             ... with a puff of frost
             ... on level 4 of the Dungeon.
             The game lasted 00:04:00 (1804 turns).

Peloso the Skirmisher (Demonspawn Fighter)          Turns: 1804, Time: 00:04:01

Health: -1/35      AC:  6    Str: 18    XL:     4   Next: 69%
Magic:  4/4        EV:  8    Int:  9    God:
Gold:   83         SH: 10    Dex: 12    Spells: 3/3 levels left

rFire    . . .     SeeInvis .   a - +1 long sword
rCold    . . .     Gourm    .   c - +1 shield
rNeg     . . .     Faith    .   b - +0 scale mail
rPois    .         Spirit   .   (no helmet)
rElec    .         Reflect  .   (no cloak)
rCorr    .         Harm     .   (no gloves)
MR       .....                  (no boots)
Stlth    +.........             (no amulet)
HPRegen  0.11/turn              (no ring)
MPRegen  0.09/turn              (no ring)

@: no status effects
A: sturdy frame 2
a: no special abilities


You were on level 4 of the Dungeon.
You were very hungry.

You visited 1 branch of the dungeon, and saw 4 of its levels.

You collected 83 gold pieces.

Inventory:

Hand Weapons
 a - a +1 long sword (weapon)
Armour
 b - a +0 scale mail (worn)
 c - a +1 shield (worn)
Scrolls
 g - a scroll of remove curse
Potions
 d - 2 potions of might
 i - a potion of haste {unknown}
 k - a potion of curing {unknown}
 l - a potion of invisibility
 m - a potion of mutation {unknown}
Comestibles
 f - 5 rations


   Skills:
 + Level 3.4 Fighting
 + Level 2.9 Long Blades
 + Level 3.2 Armour
 + Level 1.0 Dodging
 + Level 0.3 Stealth
 + Level 3.3 Shields


You had 3 spell levels left.
You didn't know any spells.
Your spell library was empty.

Dungeon Overview and Level Annotations

Branches:
Dungeon (4/15)
 Temple: D:4-7

Altars:


Innate Abilities, Weirdness & Mutations

Your movements are less encumbered by armour. (ER -4)


Message History

The orc wizard seems to speed up.
You slash the orc wizard!
You kill the orc wizard!
Your Dodging skill increases to level 1!
The orc wizard hits you but does no damage.
You miss the orc wizard. The orc wizard casts a spell at you.
The puff of flame hits you!
* * * LOW HITPOINT WARNING * * *
You block the orc wizard's attack.
You barely miss the orc wizard. You block the orc wizard's attack. x2
You hit the orc wizard.
The orc wizard is moderately wounded.
You block the orc wizard's attack. The orc wizard closely misses you.
You slash the orc wizard!
The orc wizard is almost dead.
The orc wizard barely misses you.
The orc wizard points at you and mumbles some strange words.
The puff of frost hits you.
You die...

### #.#######
#........
#.#######
######.......#
#........<####
#.#########
#..@o.#
#####.# ≈# #.#
#≈≈##
#)##..≈≈.#
#.....≈≈.≈
#.....≈≈≈≈
#.....≈≈.≈
#...≈.≈≈.≈
....≈.≈≈..


You could see an orc wizard.

Vanquished Creatures
  An orc wizard (D:4)
  3 adders
  2 oozes (D:1)
  2 dart slugs (D:1)
  2 leopard geckos (D:1)
  An orc (D:4)
  2 ball pythons
  5 bats
  2 giant cockroaches
  7 goblins
  6 hobgoblins
  4 jackals
  3 frilled lizards
  5 kobolds
  3 rats
48 creatures vanquished.

Notes
Turn   | Place    | Note
-------+----------+-------------------------------------------
     0 | D:1      | Peloso the Demonspawn Fighter began the quest for the Orb.
     0 | D:1      | Reached XP level 1. HP: 18/18 MP: 1/1
   150 | D:1      | Gained mutation: Your movements are slightly less
                  | encumbered by armour. (ER -2) [demonic ancestry]
   150 | D:1      | Reached XP level 2. HP: 15/24 MP: 2/2
   659 | D:1      | Reached XP level 3. HP: 29/29 MP: 3/3
   871 | D:2      | You fall into a shaft and drop 1 floor!
  1282 | D:2      | Gained mutation: Your movements are less encumbered by
                  | armour. (ER -4) [demonic ancestry]
  1282 | D:2      | Reached XP level 4. HP: 28/35 MP: 4/4
  1800 | D:4      | Reached skill level 1 in Dodging
  1804 | D:4      | Killed from afar by an orc wizard

Levels and vault maps discovered:
D:1:      erik_arrival_gehennom, layout_loops_cross
D:2:      layout_basic
D:3:      layout_loops_ring, nicolae_gozag_cash_rules_everything_around_me
D:4:      layout_basic, chequers_serial_rivers_small_3,
          hangedman_abyss_or_decor_slice, corexii_corridor_pit, tgw_sif

Skill      XL: |  1  2  3  4 |
---------------+-------------+-----
Long Blades    | 2 |  2.9
Armour         | 3 |  3.2
Shields        | 3 |  3.3
Dodging        | 1 |  1.0
Fighting       | |  3.4
Stealth        | |  0.3

Action                   |  1- 3 |  4- 6 || total
-------------------------+-------+-------++-------
Melee: Long sword        |   159 |    49 ||   208
  Use: Potion            |     3 |       ||     3
       Scroll            |       |     4 ||     4
  Eat: Chunk             |     1 |     1 ||     2
Armor: Scale mail        |   102 |    22 ||   124
Dodge: Dodged            |    65 |    18 ||    83
Block: Shield            |   108 |    29 ||   137
       Rpst.: Long sword |    19 |     5 ||    24
